[Event "Titled Tuesday Blitz October 18 Late 2022"]
[White "Czernek, Tymon"]
[Black "Ter-Sahakyan, Samvel"]
[WhiteFideId "1199510"]
[BlackFideId "13302531"]
[WhiteElo "2240"]
[BlackElo "2604"]
[Result "0-1"]
[Round "07"]
[TimeControl "180+1"]
[Date "2022.10.18"]
[WhiteClock "0:00:20"]
[BlackClock "0:00:57"]

1. e4 c6 2. Nf3 d5 3. Nc3 Bg4 4. exd5 cxd5 5. d4 Nc6 6. Be3 e6 7. Be2 Nf6 8. O-O Bd6 9. h3 Bh5 10. Bg5 Rc8 11. Re1 O-O 12. Ne5 Bxe2 13. Rxe2 Be7 14. Qd3 a6 15. Rd1 Nxe5 16. dxe5 Nd7 17. Bxe7 Qxe7 18. f4 Rc4 19. Qg3 Rfc8 20. Kh2 h6 21. f5 Qg5 22. Qxg5 hxg5 23. fxe6 fxe6 24. Rd3 g4 25. Rg3 gxh3 26. gxh3 Rf8 27. Reg2 Rf7 28. Rg5 Rcf4 29. Re2 R4f5 30. Rg6 Re7 31. Kg2 Nxe5 32. Rg3 Nc6 33. Rge3 d4 34. Rxe6 Rxe6 35. Rxe6 dxc3 36. bxc3 Rc5 37. Re8+ Kf7 38. Re3 Ra5 39. Rd3 Rxa2 40. Rd7+ Kf6 41. Rxb7 Rxc2+ 42. Kf1 Rxc3 43. Rb6 a5 44. Ra6 Ke5 45. Ke1 Kd5 46. Kd2 Rxh3 47. Rb6 Kc5 0-1


[Site "https://www.chess.com"]

[Event "Titled Tuesday Blitz October 18 Late 2022"]
[White "D`Arruda, Ricardo D."]
[Black "Kowalysko, Roman"]
[WhiteFideId "100692"]
[BlackFideId "30918510"]
[WhiteElo "2389"]
[BlackElo "2138"]
[Result "1-0"]
[Round "07"]
[TimeControl "180+1"]
[Date "2022.10.19"]
[WhiteClock "0:01:36"]
[BlackClock "0:01:11"]

1. d4 Nf6 2. Nf3 g6 3. Nc3 d5 4. Bg5 Bg7 5. Bxf6 Bxf6 6. e4 c6 7. Bd3 dxe4 8. Bxe4 Bg4 9. Ne2 Nd7 10. h3 Bxf3 11. Bxf3 Qc7 12. O-O O-O 13. c3 Rad8 14. Qc2 e5 15. Rad1 exd4 16. Nxd4 Ne5 17. Be2 Rfe8 18. Rfe1 c5 19. Nf3 Nxf3+ 20. Bxf3 b6 21. Rxe8+ Rxe8 22. Bd5 Re5 23. g3 Qe7 24. Kg2 h5 25. h4 Re1 26. Rxe1 Qxe1 27. Qxg6+ Kh8 28. Qxf6+ 1-0


[Site "https://www.chess.com"]

[Event "Titled Tuesday Blitz October 18 Late 2022"]
[White "De La Colina, Nicolas"]
[Black "Eljanov, Pavel"]
[WhiteFideId "30946921"]
[BlackFideId "14102951"]
[WhiteElo "2046"]
[BlackElo "2601"]
[Result "0-1"]
[Round "07"]
[TimeControl "180+1"]
[Date "2022.10.18"]
[WhiteClock "0:00:12"]
[BlackClock "0:00:48"]

1. e4 e5 2. Nf3 Nc6 3. Bc4 Bc5 4. O-O Nf6 5. d4 Bxd4 6. Nxd4 Nxd4 7. f4 d6 8. fxe5 dxe5 9. Bg5 Be6 10. Na3 Qe7 11. c3 Bxc4 12. Bxf6 gxf6 13. Nxc4 Ne6 14. b4 Rd8 15. Qa4+ c6 16. Qxa7 b5 17. Qxe7+ Kxe7 18. Ne3 Ng5 19. Rad1 Rxd1 20. Rxd1 Ra8 21. Nf5+ Ke8 22. Rd6 Rxa2 23. Rxc6 Nxe4 24. h3 Kd7 25. Rb6 Nxc3 26. Rb7+ Ke6 27. Ng7+ Kd5 28. Rxf7 Ne2+ 29. Kf1 Ng3+ 30. Kg1 h5 31. h4 Ra1+ 32. Kh2 Nf1+ 33. Kh3 Ra3+ 0-1


[Site "https://www.chess.com"]

[Event "Titled Tuesday Blitz October 18 Late 2022"]
[White "De Souza, Cristiano Gomes"]
[Black "Harish, Neeraj"]
[WhiteFideId "2151758"]
[BlackFideId "30958130"]
[WhiteElo "2068"]
[BlackElo "1815"]
[Result "0-1"]
[Round "07"]
[TimeControl "180+1"]
[Date "2022.10.19"]
[WhiteClock "0:01:05"]
[BlackClock "0:00:40"]

1. d4 d5 2. c4 e6 3. Nf3 Nf6 4. Nc3 Be7 5. Bg5 O-O 6. e3 h6 7. Bh4 Ne4 8. Bxe7 Qxe7 9. cxd5 Nxc3 10. bxc3 exd5 11. Qb3 c5 12. Qxd5 cxd4 13. Qxd4 Nc6 14. Qd2 Rd8 15. Nd4 Be6 16. Be2 Rac8 17. O-O Ne5 18. Rab1 Nc4 19. Qc1 b6 20. Rb4 Bd5 21. Rd1 a6 22. Nf5 Qe4 23. Rxd5 Rxd5 24. Bf3 Qxf5 25. e4 Qg5 26. Qf1 Rb5 27. h4 Qc5 28. Rxc4 Qxc4 29. Be2 Qxc3 30. Bxb5 axb5 0-1


[Site "https://www.chess.com"]

[Event "Titled Tuesday Blitz October 18 Late 2022"]
[White "Deac, Bogdan-Daniel"]
[Black "Al-Tarboush, Ward"]
[WhiteFideId "1226380"]
[BlackFideId "7601450"]
[WhiteElo "2648"]
[BlackElo "2269"]
[Result "1-0"]
[Round "07"]
[TimeControl "180+1"]
[Date "2022.10.18"]
[WhiteClock "0:00:09"]
[BlackClock "0:00:03"]

1. Nf3 d5 2. g3 Nf6 3. Bg2 c6 4. O-O Bf5 5. d3 e6 6. c4 dxc4 7. dxc4 Qxd1 8. Rxd1 Nbd7 9. Nc3 e5 10. b3 Bb4 11. Bb2 O-O 12. a3 Ba5 13. b4 Bc7 14. c5 Rad8 15. Nd2 Bc2 16. Rdc1 Bg6 17. Nc4 Rfe8 18. a4 e4 19. Nd1 Ne5 20. Bxe5 Bxe5 21. Nxe5 Rxe5 22. Ne3 Re7 23. Bh3 Nd5 24. Rd1 Re5 25. Rd4 f6 26. Rad1 Bf7 27. b5 Re7 28. Nc4 Rc7 29. bxc6 Rxc6 30. Na5 Rc7 31. Bf5 Rb8 32. Rxd5 Bxd5 33. Rxd5 b6 34. cxb6 axb6 35. Nb3 Rc4 36. Bd7 Rb4 37. Nd4 g6 38. Bb5 f5 39. Nc6 Rb1+ 40. Kg2 Rf8 41. Rd7 Rf6 42. Ne5 g5 43. Bc4+ Kf8 44. Rxh7 Ke8 45. Bb5+ Kd8 46. Nc6+ Ke8 47. Ne5+ Kd8 48. h4 g4 49. e3 Kc8 50. Ba6+ Kd8 51. Bb5 Kc8 52. Rd7 Re6 53. Rd5 Kc7 54. Nc4 Rc1 55. Rxf5 Kb8 56. Rf8+ Kb7 57. Rf4 Kb8 58. Rxg4 Re7 59. Rf4 Rc2 60. g4 Rh7 61. g5 Rh8 62. Nd6 Rd8 63. Nxe4 Rd1 64. g6 Rcc1 65. h5 Rg1+ 66. Kf3 Rh1 67. Ng3 Rhd1 68. g7 Rd8 69. Rf8 Rcc8 70. Rxd8 Rxd8 71. h6 Kc7 72. h7 Kd6 73. g8=Q Ke7 74. Qxd8+ Ke6 75. h8=Q Kf7 76. Qdf6# 1-0


[Site "https://www.chess.com"]

[Event "Titled Tuesday Blitz October 18 Late 2022"]
[White "Domingo Nunez, Ruben"]
[Black "Bogaudinov, Rushan"]
[WhiteFideId "22245570"]
[BlackFideId "4129288"]
[WhiteElo "2406"]
[BlackElo "1945"]
[Result "1-0"]
[Round "07"]
[TimeControl "180+1"]
[Date "2022.10.19"]
[WhiteClock "0:02:29"]
[BlackClock "0:02:07"]

1. e4 d6 2. d4 Nf6 3. Nc3 g6 4. Be3 Bg7 5. f3 a6 6. a4 O-O 7. Qd2 Re8 8. Nge2 Nc6 9. h4 h5 10. Nf4 e5 11. dxe5 Nxe5 12. Nfd5 Nxd5 13. Nxd5 c6 14. Bb6 Qe7 15. Nxe7+ 1-0


[Site "https://www.chess.com"]

[Event "Titled Tuesday Blitz October 18 Late 2022"]
[White "Drost, Peter"]
[Black "Thiel, Thomas"]
[WhiteFideId "1017896"]
[BlackFideId "4615964"]
[WhiteElo "2385"]
[BlackElo "2253"]
[Result "0-1"]
[Round "07"]
[TimeControl "180+1"]
[Date "2022.10.19"]
[WhiteClock "0:00:10"]
[BlackClock "0:00:39"]

1. e4 d5 2. Nc3 dxe4 3. Nxe4 Nf6 4. Nxf6+ exf6 5. d4 Bd6 6. c3 O-O 7. Bd3 Re8+ 8. Ne2 Nd7 9. Qc2 Nf8 10. Be3 g6 11. h4 h5 12. O-O-O a5 13. Kb1 a4 14. c4 a3 15. b3 Bb4 16. Nc3 Bg4 17. Rc1 Bxc3 18. Qxc3 Qd6 19. Bc2 Qd7 20. Rce1 Bf5 21. d5 Bxc2+ 22. Qxc2 Qg4 23. g3 Nd7 24. Qd1 Qxd1+ 25. Rxd1 Ne5 26. Bd4 Kg7 27. Rhe1 b6 28. Re2 Nf3 29. Rxe8 Rxe8 30. Be3 Re4 31. Kc2 Ne5 32. Bc1 Re2+ 33. Rd2 Re1 34. Bxa3 Nf3 35. Rd1 Re2+ 36. Kb1 Rxf2 37. d6 cxd6 38. Bxd6 Nd2+ 39. Ka1 Ne4 40. Bc7 Nc3 0-1


[Site "https://www.chess.com"]

[Event "Titled Tuesday Blitz October 18 Late 2022"]
[White "Fajdetic, Hrvoje"]
[Black "Galaktionov, Artem"]
[WhiteFideId "14501945"]
[BlackFideId "24175471"]
[WhiteElo "2172"]
[BlackElo "2278"]
[Result "0-1"]
[Round "07"]
[TimeControl "180+1"]
[Date "2022.10.18"]
[WhiteClock "0:00:43"]
[BlackClock "0:01:26"]

1. d4 c6 2. Nc3 d6 3. Bf4 g6 4. e4 Bg7 5. Qd2 Nd7 6. Nf3 e5 7. dxe5 dxe5 8. Bg5 Ngf6 9. Bc4 h6 10. Bh4 Qe7 11. O-O-O b5 12. Bb3 a5 13. Qd6 Qxd6 14. Rxd6 a4 15. Nxb5 cxb5 16. Bd5 Nxd5 17. Rxd5 Rb8 18. Rhd1 f6 19. Nd2 b4 20. Nc4 O-O 21. Rxd7 Bxd7 22. Rxd7 Rfd8 23. Ra7 Rd4 24. Ne3 Rxe4 25. Bg3 f5 26. Nd5 f4 27. f3 Re2 28. Kd1 fxg3 0-1


[Site "https://www.chess.com"]

[Event "Titled Tuesday Blitz October 18 Late 2022"]
[White "Fernandez De La Vara, Arnaldo"]
[Black "Golubev, Mikhail"]
[WhiteFideId "3518388"]
[BlackFideId "14100983"]
[WhiteElo "2387"]
[BlackElo "2374"]
[Result "0-1"]
[Round "07"]
[TimeControl "180+1"]
[Date "2022.10.19"]
[WhiteClock "0:01:06"]
[BlackClock "0:00:35"]

1. Nf3 d6 2. d4 Nf6 3. b3 g6 4. Bb2 Bg7 5. g3 O-O 6. Bg2 a5 7. c4 a4 8. O-O Nbd7 9. Nc3 a3 10. Bc1 c5 11. d5 Nxd5 12. Nxd5 Bxa1 13. Bxa3 Rxa3 14. Qxa1 e6 15. Nc3 Qf6 16. Rd1 Ra6 17. Qc1 Ne5 18. Nd2 b6 19. Nde4 Qe7 20. Qf4 f6 21. Rxd6 Bb7 22. a4 Bxe4 23. Nxe4 Kg7 24. Qf3 Nxf3+ 0-1


[Site "https://www.chess.com"]

[Event "Titled Tuesday Blitz October 18 Late 2022"]
[White "Ferreira, Vitor Hugo Vieira"]
[Black "Aldokhin, Ivan"]
[WhiteFideId "2119765"]
[BlackFideId "24115720"]
[WhiteElo "2168"]
[BlackElo "2313"]
[Result "0-1"]
[Round "07"]
[TimeControl "180+1"]
[Date "2022.10.19"]
[WhiteClock "0:00:07"]
[BlackClock "0:00:11"]

1. e4 c5 2. Nf3 e6 3. d4 cxd4 4. Nxd4 a6 5. Bd3 Qc7 6. O-O Nf6 7. c4 d6 8. Nc3 Be7 9. Qe2 Nbd7 10. f4 b6 11. Bd2 Bb7 12. Rae1 Rc8 13. e5 dxe5 14. fxe5 Bc5 15. exf6 Bxd4+ 16. Kh1 Nxf6 17. Bf4 Qc6 18. Rf3 O-O 19. Rg3 g6 20. Be5 Bxe5 21. Qxe5 Nd7 22. Qf4 f5 23. Qh6 Rf7 24. h4 Qd6 25. Qg5 Nf6 26. Be2 f4 27. Rh3 Rc5 28. Qh6 Nh5 29. Rd3 Qe7 30. Rh3 Ng3+ 31. Kh2 Nf5 32. Qxf4 Ng7 33. Qe3 Nf5 34. Qf4 Qd6 35. Qxd6 Nxd6 36. b4 Re5 37. Kg1 Nxc4 38. Bxc4 Rxe1+ 39. Kh2 Rf2 40. Rg3 Rc1 41. Bxe6+ Kg7 42. Nd5 Bxd5 43. Bxd5 Rd1 44. Bf3 Rd4 45. Kh3 Rxa2 46. Rg5 Rb2 47. b5 Rxb5 48. Rg3 Rbb4 49. Bg4 h5 50. Rc3 Rxg4 51. g3 Kh6 52. Rc8 Rgc4 53. Rh8+ Kg7 54. Rb8 a5 55. Rb7+ Kf6 56. Rb8 Rc3 57. Rf8+ Ke7 58. Rc8 Rbb3 59. Rb8 Rxg3+ 60. Kh2 Rh3+ 61. Kg2 Rhg3+ 62. Kf2 Rgc3 63. Rb7+ Kd6 64. Rg7 Rc2+ 65. Ke1 Rb1# 0-1


[Site "https://www.chess.com"]

[Event "Titled Tuesday Blitz October 18 Late 2022"]
[White "Floresvillar Gonzalez, Luis Migu"]
[Black "Schut, Han"]
[WhiteFideId "5100542"]
[BlackFideId "1005561"]
[WhiteElo "2040"]
[BlackElo "2024"]
[Result "1/2-1/2"]
[Round "07"]
[TimeControl "180+1"]
[Date "2022.10.19"]
[WhiteClock "0:00:02"]
[BlackClock "0:00:13"]

1. d4 Nf6 2. Bg5 d5 3. Bxf6 exf6 4. Nd2 Bd6 5. c3 O-O 6. Ngf3 c6 7. e3 Bg4 8. Be2 Re8 9. O-O Bc7 10. h3 Bh5 11. Re1 Nd7 12. Nf1 f5 13. b4 Nf6 14. Ng5 Bxe2 15. Qxe2 f4 16. Qd3 fxe3 17. Rxe3 Qd6 18. Rae1 Rxe3 19. Rxe3 h6 20. Nf3 Ne4 21. N1d2 Nxd2 22. Qxd2 a5 23. b5 cxb5 24. Qe2 b4 25. Re8+ Rxe8 26. Qxe8+ Kh7 27. cxb4 Qxb4 28. g3 Qb1+ 29. Kg2 Qf5 30. Qe7 Bb6 31. Qxb7 Qe6 32. Qb8 g5 33. Qe5 Qxe5 34. Nxe5 Bxd4 35. Nxf7 Kg6 36. Nd6 Bc3 37. Kf3 Kf6 38. g4 Ke5 39. Nf5 d4 40. Nxh6 d3 41. Ke3 d2 42. Ke2 Kf4 43. Nf7 Bb4 44. Nh6 a4 45. Nf5 a3 46. Ne3 Ke4 47. Nd1 Kf4 48. Ne3 Ke4 49. Nc4 d1=Q+ 50. Kxd1 Kf3 51. Ne5+ Kg2 52. Nf7 Kxh3 53. Nxg5+ Kxg4 54. Ne4 Kf3 55. Nd2+ Kxf2 56. Nc4 Kf3 57. Kc2 Bf8 58. Kb3 Ke4 59. Nxa3 Bxa3 60. Kxa3 Kd5 61. Kb4 Kc6 62. Ka5 Kb7 63. Kb5 Ka8 64. Ka5 Kb8 65. Ka6 Ka8 66. Kb5 Kb8 67. a4 Ka8 68. Ka6 Kb8 69. Kb6 Ka8 70. a5 Kb8 71. a6 Ka8 72. a7 1/2-1/2


[Site "https://www.chess.com"]

[Event "Titled Tuesday Blitz October 18 Late 2022"]
[White "Gabrielian, Artur"]
[Black "Besedes, Danilo"]
[WhiteFideId "4131002"]
[BlackFideId "946796"]
[WhiteElo "2432"]
[BlackElo "2352"]
[Result "1-0"]
[Round "07"]
[TimeControl "180+1"]
[Date "2022.10.18"]
[WhiteClock "0:00:08"]
[BlackClock "0:00:12"]

1. e4 e6 2. d4 d5 3. Nc3 dxe4 4. Nxe4 Nd7 5. Nf3 Ngf6 6. Bd3 Be7 7. O-O O-O 8. Re1 Nxe4 9. Bxe4 Nf6 10. Bd3 b6 11. Bf4 Bb7 12. c3 c5 13. Be5 cxd4 14. Bxd4 Qc7 15. Qe2 Rad8 16. Rad1 Rd5 17. Ne5 Bc5 18. Bc4 Rdd8 19. Bxc5 Qxc5 20. Rxd8 Rxd8 21. Nxf7 Qc6 22. Qf1 Kxf7 23. Rxe6 Qxe6 24. Bxe6+ Kxe6 25. f3 Kf7 26. Qc4+ Bd5 27. Qa4 Rd7 28. Kf2 h6 29. h3 Be6 30. Kg1 g5 31. Qa6 Nd5 32. Qa4 Nf4 33. Qe4 Kf6 34. h4 Rd2 35. hxg5+ hxg5 36. g3 Bd5 37. Qe8 Ne2+ 38. Kf1 Nxc3 39. Qh8+ Kg6 40. Qxc3 1-0


[Site "https://www.chess.com"]

[Event "Titled Tuesday Blitz October 18 Late 2022"]
[White "Gasparyan, David"]
[Black "Urazayev, Arystanbek"]
[WhiteFideId "13311980"]
[BlackFideId "13709810"]
[WhiteElo "2386"]
[BlackElo "2441"]
[Result "0-1"]
[Round "07"]
[TimeControl "180+1"]
[Date "2022.10.19"]
[WhiteClock "0:00:02"]
[BlackClock "0:01:16"]

1. d4 Nf6 2. Nf3 g6 3. Nc3 d5 4. Bf4 Bg7 5. Nb5 Na6 6. e3 O-O 7. h3 c6 8. Nc3 c5 9. Bxa6 bxa6 10. O-O Ne4 11. Nxe4 dxe4 12. Ne5 cxd4 13. exd4 Be6 14. Re1 Bd5 15. c4 Bxe5 16. Bxe5 Bxc4 17. Rxe4 f6 18. Bf4 Bd5 19. Re3 Rc8 20. Qe2 Rf7 21. Re1 e6 22. Qxa6 Rc6 23. Qa3 Kg7 24. Rc3 Qa8 25. Rg3 Rc2 26. h4 Qb7 27. b3 Qb6 28. Qa4 Bc6 29. Qa3 Qxd4 30. Be3 Qd5 31. Qb4 a5 32. Qf4 Qh5 33. Bd4 e5 34. Bxe5 fxe5 35. Qe3 Rfxf2 36. Rg5 Rxg2+ 37. Kf1 Qf3+ 38. Qf2 Qxf2# 0-1


[Site "https://www.chess.com"]

[Event "Titled Tuesday Blitz October 18 Late 2022"]
[White "Girsh, Daniel"]
[Black "Ardila, Oscar Humberto"]
[WhiteFideId "30949190"]
[BlackFideId "4404742"]
[WhiteElo "2075"]
[BlackElo "1898"]
[Result "1-0"]
[Round "07"]
[TimeControl "180+1"]
[Date "2022.10.19"]
[WhiteClock "0:01:12"]
[BlackClock "0:01:05"]

1. d4 Nf6 2. Nc3 d5 3. Bf4 c6 4. e3 e6 5. Nf3 Be7 6. Ne5 Nbd7 7. Bd3 Nxe5 8. Bxe5 Bd6 9. Qf3 Bxe5 10. dxe5 Nd7 11. Qg3 g6 12. h4 Qc7 13. f4 h5 14. O-O-O Nc5 15. Qg5 Qe7 16. g4 Nxd3+ 17. cxd3 Qxg5 18. hxg5 Bd7 19. Rh4 Kf8 20. Rdh1 Kg7 21. gxh5 gxh5 22. Rxh5 Rxh5 23. Rxh5 c5 24. Kd2 b5 25. Nd1 b4 26. Nf2 Rh8 27. Rxh8 Kxh8 28. d4 c4 29. e4 Bc6 30. exd5 Bxd5 31. Nd1 a5 32. Ne3 c3+ 33. bxc3 bxc3+ 34. Kxc3 Bxa2 35. Kb2 Bd5 36. Nxd5 exd5 37. Ka3 Kg7 38. f5 1-0


[Site "https://www.chess.com"]

[Event "Titled Tuesday Blitz October 18 Late 2022"]
[White "Goncalves, Davi Sulzbacher"]
[Black "Tsaruk, Maksim"]
[WhiteFideId "2154510"]
[BlackFideId "13511173"]
[WhiteElo "2182"]
[BlackElo "2273"]
[Result "0-1"]
[Round "07"]
[TimeControl "180+1"]
[Date "2022.10.18"]
[WhiteClock "0:00:13"]
[BlackClock "0:00:06"]

1. Nf3 Nf6 2. d4 d5 3. c4 dxc4 4. g3 c5 5. Bg2 Nc6 6. O-O cxd4 7. Qa4 Qa5 8. Qxa5 Nxa5 9. Nxd4 Bd7 10. Bd2 e5 11. Nf3 Nc6 12. Bc3 Bd6 13. Rd1 Ne4 14. Nbd2 Nxc3 15. bxc3 Ke7 16. Nxc4 Bc7 17. Ne3 Be6 18. Nd5+ Bxd5 19. Rxd5 Rhd8 20. Rb5 Rab8 21. Rab1 b6 22. Nh4 Na5 23. Nf5+ Kf8 24. Rd5 Nc4 25. Rbd1 g6 26. Ne3 Nxe3 27. fxe3 Ke7 28. R5d3 Bd6 29. Bd5 Bc5 30. Kg2 Rd6 31. e4 Rf6 32. Rf3 Rxf3 33. exf3 Bd6 34. c4 Rc8 35. Rb1 Rc5 36. Rb5 Rc7 37. Kf2 f5 38. Ke2 Kf6 39. Rb1 h5 40. Rf1 h4 41. g4 fxg4 42. fxg4+ Kg5 43. h3 Rc5 44. Rf7 Ra5 45. Rd7 Rxa2+ 46. Kf3 Bc5 0-1


[Site "https://www.chess.com"]

[Event "Titled Tuesday Blitz October 18 Late 2022"]
[White "Gonzalez, Francisco Silva"]
[Black "Ventura Bolet, Maxim"]
[WhiteFideId "1512285"]
[BlackFideId "22238824"]
[WhiteElo "2159"]
[BlackElo "2186"]
[Result "1/2-1/2"]
[Round "07"]
[TimeControl "180+1"]
[Date "2022.10.19"]
[WhiteClock "0:00:25"]
[BlackClock "0:00:17"]

1. d4 d5 2. c4 dxc4 3. e3 Nf6 4. Bxc4 e6 5. Nf3 c5 6. a3 cxd4 7. exd4 Nc6 8. O-O Be7 9. Re1 O-O 10. Nc3 b6 11. b4 Bb7 12. Bg5 Rc8 13. Qd3 h6 14. Bh4 Nh5 15. Bxe7 Nxe7 16. Ne2 Nf6 17. Rac1 Ned5 18. Red1 Qd6 19. Ne5 Rfd8 20. h3 Ne7 21. Ba6 Bxa6 22. Qxa6 Rxc1 23. Rxc1 Qb8 24. b5 Rc8 25. Nc6 Nxc6 26. Rxc6 Rd8 27. g3 Ne4 28. Qa4 Nd6 29. Qb3 Nf5 30. Qc4 Qb7 31. h4 Qe7 32. Qc3 Qf6 33. Rc8 Kh7 34. Rxd8 Qxd8 35. Qd3 g6 36. Qe4 Qd6 37. Qb7 Kg7 38. Qxa7 Nxd4 39. Nxd4 Qxd4 40. a4 Qd1+ 41. Kg2 Qd5+ 42. Kh2 Qd4 43. Kg1 Qd1+ 44. Kh2 Qd4 45. Kg1 1/2-1/2


[Site "https://www.chess.com"]

[Event "Titled Tuesday Blitz October 18 Late 2022"]
[White "Gonzalez Vega, Alejandro"]
[Black "Jimenez Almeida, Luis David"]
[WhiteFideId "3510042"]
[BlackFideId "22242244"]
[WhiteElo "2261"]
[BlackElo "2158"]
[Result "0-1"]
[Round "07"]
[TimeControl "180+1"]
[Date "2022.10.19"]
[WhiteClock "0:00:02"]
[BlackClock "0:00:10"]

1. e4 g6 2. d4 Bg7 3. c3 d6 4. f4 Nd7 5. Nf3 e6 6. Be3 Ne7 7. Nbd2 a6 8. a4 b6 9. Bd3 Bb7 10. Qe2 c5 11. Nc4 Qc7 12. e5 Nc8 13. O-O Bxf3 14. Qxf3 d5 15. Nd2 Ne7 16. Qe2 c4 17. Bc2 h5 18. Nf3 Qb7 19. b3 cxb3 20. Bxb3 O-O 21. Ng5 Rfc8 22. Bd2 b5 23. axb5 axb5 24. g4 hxg4 25. Qxg4 b4 26. Rxa8 Rxa8 27. cxb4 Nf5 28. Qh3 Nxd4 29. Qh7+ Kf8 30. Bd1 Ra2 31. Be3 Qxb4 32. Bg4 Qc3 33. Qh3 Ne2+ 34. Bxe2 Rxe2 35. Rf3 Qe1+ 36. Rf1 Qc3 37. Rf3 d4 38. Nxe6+ fxe6 39. Qxe6 Rxe3 40. Qd6+ Kg8 41. Qd5+ Kh7 42. Rxe3 Qxe3+ 43. Kg2 Qe2+ 44. Kh3 Qh5+ 45. Kg2 Qg4+ 46. Kh1 Qxf4 47. Qxd7 Qf1# 0-1


[Site "https://www.chess.com"]

[Event "Titled Tuesday Blitz October 18 Late 2022"]
[White "Gorodetzky, David"]
[Black "Zou, Chen"]
[WhiteFideId "2813416"]
[BlackFideId "8610959"]
[WhiteElo "2487"]
[BlackElo "2325"]
[Result "1/2-1/2"]
[Round "07"]
[TimeControl "180+1"]
[Date "2022.10.18"]
[WhiteClock "0:00:11"]
[BlackClock "0:00:06"]

1. e4 c5 2. c3 d5 3. exd5 Qxd5 4. d4 Nf6 5. Nf3 e6 6. Be3 cxd4 7. cxd4 Nc6 8. Nc3 Qd8 9. Bd3 Be7 10. O-O O-O 11. Ne5 Bd7 12. Rc1 Rc8 13. Qe2 Be8 14. Rfd1 Nb4 15. Bb1 Nbd5 16. Bg5 Nxc3 17. bxc3 Nd7 18. Qe4 f5 19. Bxe7 Qxe7 20. Qxb7 Qd6 21. Nd3 Nb6 22. Ne5 Rc7 23. Qf3 Ba4 24. Re1 Rfc8 25. h4 Be8 26. g4 Qd5 27. gxf5 Qxf3 28. Nxf3 Rxc3 29. Rxc3 Rxc3 30. Ng5 h6 31. Nxe6 Bc6 32. Nf4 Kf7 33. Kh2 Rf3 34. Ng6 Rxf2+ 35. Kg3 Rg2+ 36. Kh3 Bd5 37. Ne5+ Kg8 38. Ng6 Kf7 39. Re7+ Kf6 40. Rxa7 Rb2 41. Bd3 Rxa2 42. Rxa2 Bxa2 43. Nf4 Nd5 44. Nh5+ Kf7 45. Kg3 Nf6 46. Nf4 Nd5 47. Ng6 Ne7 48. Ne5+ Kf6 49. Kg4 Bd5 50. Nd7+ Kf7 51. Kf4 Nc6 52. Ne5+ Kf6 53. Ng4+ Kf7 54. Ne3 Bh1 55. d5 Nd4 56. h5 Ke7 57. Be4 Ne2+ 58. Ke5 Bxe4 59. Kxe4 Ng3+ 60. Ke5 Nxh5 61. Nc4 Nf6 62. Nb6 Nd7+ 63. Nxd7 Kxd7 64. f6 gxf6+ 65. Kxf6 Kd6 66. Kg6 h5 67. Kxh5 Kxd5 1/2-1/2


[Site "https://www.chess.com"]

[Event "Titled Tuesday Blitz October 18 Late 2022"]
[White "Goryachkina, Aleksandra"]
[Black "Decuigniere, Tom"]
[WhiteFideId "4147103"]
[BlackFideId "26093820"]
[WhiteElo "2484"]
[BlackElo "2223"]
[Result "1-0"]
[Round "07"]
[TimeControl "180+1"]
[Date "2022.10.19"]
[WhiteClock "0:01:33"]
[BlackClock "0:01:46"]

1. e4 c5 2. Nf3 g6 3. c3 d5 4. exd5 Qxd5 5. d4 Nc6 6. Be3 Bg7 7. dxc5 Qxd1+ 8. Kxd1 Nf6 9. Bb5 O-O 10. Nbd2 Nd5 11. Ke2 e5 12. Rhd1 h6 13. Nc4 Be6 14. Ke1 e4 15. Bxc6 exf3 16. Bxd5 Bxd5 17. Rxd5 fxg2 18. Ke2 f5 19. f4 1-0


[Site "https://www.chess.com"]

[Event "Titled Tuesday Blitz October 18 Late 2022"]
[White "Graif, William"]
[Black "Ozalp, Burak"]
[WhiteFideId "2609835"]
[BlackFideId "6314210"]
[WhiteElo "2205"]
[BlackElo "2106"]
[Result "1-0"]
[Round "07"]
[TimeControl "180+1"]
[Date "2022.10.19"]
[WhiteClock "0:00:10"]
[BlackClock "0:00:16"]

1. e4 g6 2. Nc3 Bg7 3. Bc4 d6 4. d3 Nf6 5. f4 O-O 6. Nf3 c5 7. O-O Nc6 8. Qe1 a6 9. f5 b5 10. Bb3 Na5 11. Qh4 Nxb3 12. axb3 e6 13. Bg5 exf5 14. Nd5 h6 15. Nxf6+ Kh8 16. Nd5 f6 17. Bxh6 Kg8 18. Rae1 Bb7 19. Nf4 g5 20. Bxg5 fxg5 21. Nxg5 Rf6 22. Qh7+ Kf8 23. Nfe6+ Rxe6 24. Nxe6+ Ke7 25. Qxg7+ Ke8 26. Nxd8 Kxd8 27. exf5 Bc6 28. Re7 Rb8 29. Qf8+ Be8 30. Qxe8# 1-0


[Site "https://www.chess.com"]

[Event "Titled Tuesday Blitz October 18 Late 2022"]
[White "Guliyev, Namig"]
[Black "Kanakaris, Georgios"]
[WhiteFideId "13400363"]
[BlackFideId "4209460"]
[WhiteElo "2526"]
[BlackElo "2291"]
[Result "1-0"]
[Round "07"]
[TimeControl "180+1"]
[Date "2022.10.18"]
[WhiteClock "0:00:13"]
[BlackClock "0:00:14"]

1. e4 e6 2. d4 d5 3. Nc3 Bb4 4. exd5 exd5 5. Bd3 Nf6 6. a3 Bxc3+ 7. bxc3 O-O 8. Ne2 Re8 9. O-O Nbd7 10. c4 dxc4 11. Bxc4 Nb6 12. Bd3 Be6 13. Rb1 Bd5 14. Bg5 Qd6 15. Ng3 Ne4 16. Qc1 Nxg3 17. hxg3 Qc6 18. f3 Bc4 19. Qd2 h6 20. Bf4 Rad8 21. Be3 Bxd3 22. Qxd3 Qc4 23. Rfd1 c6 24. Kf2 Rd7 25. Rd2 Qxd3 26. Rxd3 Nc4 27. Rb4 b5 28. d5 Rxe3 29. Rxe3 Nxe3 30. dxc6 Nd1+ 31. Ke1 Rc7 32. Kxd1 a6 33. c4 Rxc6 34. cxb5 axb5 35. Rxb5 Ra6 36. Rb3 g5 37. Kc2 Kg7 38. g4 Kg6 39. Kc3 h5 40. gxh5+ Kxh5 41. Kb4 Kh4 42. g4 Kg3 43. a4 Ra8 44. a5 Kf4 45. Ka4 f5 46. gxf5 Kxf5 47. Rb4 Re8 48. a6 Re1 49. Kb5 Re5+ 50. Kb6 Re6+ 51. Ka5 Re5+ 52. Rb5 1-0


[Site "https://www.chess.com"]

[Event "Titled Tuesday Blitz October 18 Late 2022"]
[White "Gunduz, Umut Erdem"]
[Black "Zochowski, Kacper"]
[WhiteFideId "6381383"]
[BlackFideId "1125494"]
[WhiteElo "2182"]
[BlackElo "2292"]
[Result "0-1"]
[Round "07"]
[TimeControl "180+1"]
[Date "2022.10.19"]
[WhiteClock "0:00:03"]
[BlackClock "0:00:44"]

1. e4 d6 2. d4 g6 3. Nc3 Bg7 4. h4 c5 5. d5 a6 6. a4 Nf6 7. Be2 h5 8. Nh3 Bxh3 9. Rxh3 Nbd7 10. Be3 Ne5 11. f3 Qd7 12. a5 O-O 13. Na4 Qd8 14. Nb6 Rb8 15. c4 Ned7 16. Nxd7 Nxd7 17. Ra2 b5 18. cxb5 axb5 19. a6 Qb6 20. Qb3 c4 21. Bxc4 bxc4 22. Qxb6 Rxb6 23. a7 Ra8 24. Bxb6 Nxb6 25. g4 Nc8 26. gxh5 gxh5 27. Ra4 Rxa7 28. Rxc4 Nb6 29. Rb4 Nd7 30. Rg3 Kh7 31. Rg5 Bf6 32. Rxh5+ Kg6 33. Rf5 Bxh4+ 34. Ke2 Bf6 35. Rf4 Ne5 36. Rb8 Ra2 37. Rf5 Kg7 38. Kd1 Nc4 39. Kc2 Ne3+ 40. Kb1 Ra4 41. Rf4 Bg5 42. Rg4 Nxg4 43. fxg4 Rxe4 44. b4 Rxg4 45. Kc2 Rd4 46. b5 Rxd5 47. Kb3 Rd1 48. b6 Rb1+ 49. Kc4 Be3 50. b7 Ba7 51. Ra8 Rxb7 0-1


[Site "https://www.chess.com"]

[Event "Titled Tuesday Blitz October 18 Late 2022"]
[White "Hajiyev, Kanan"]
[Black "Wiegmann, Sascha"]
[WhiteFideId "13404148"]
[BlackFideId "4682041"]
[WhiteElo "2118"]
[BlackElo "2302"]
[Result "1-0"]
[Round "07"]
[TimeControl "180+1"]
[Date "2022.10.19"]
[WhiteClock "0:00:28"]
[BlackClock "0:00:02"]

1. d4 Nf6 2. c4 g6 3. Nf3 Bg7 4. g3 O-O 5. Bg2 d6 6. O-O Nbd7 7. b3 e5 8. Bb2 exd4 9. Nxd4 Re8 10. Nc3 c6 11. Qc2 Nc5 12. Rad1 Qc7 13. Rd2 a5 14. Rfd1 Na6 15. a3 Ng4 16. h3 Nf6 17. e4 Nc5 18. Kh2 Qb6 19. f4 h5 20. Bf3 Bh6 21. Ba1 h4 22. Nce2 hxg3+ 23. Kxg3 Nfxe4+ 24. Kg2 Nxd2 25. Rxd2 Bg7 26. f5 Bxf5 27. Nxf5 gxf5 28. Bxg7 Kxg7 29. Qc3+ f6 30. Rxd6 Rf8 31. b4 axb4 32. axb4 Ne4 33. Bxe4 fxe4 34. Qg3+ Kf7 35. Rd7+ Ke6 36. Qd6+ Kf5 37. Nd4+ Qxd4 38. Qxd4 Rg8+ 39. Kf1 1-0


[Site "https://www.chess.com"]